 Dungeon Crawl Stone Soup version 0.26-a0-670-g578ab304f5 (webtiles) character file.

Game seed: 9737685758813833252

6416 Kinoniko the Fighter (level 10, 0/184 HPs)
             Began as an Ogre Gladiator on Oct 19, 2020.
             Was a Priest of the Shining One.
             Succumbed to a killer bee's poison
             ... on level 10 of the Dungeon.
             The game lasted 00:15:36 (11808 turns).

Kinoniko the Fighter (Ogre Gladiator)              Turns: 11808, Time: 00:15:37

Health: 0/184      AC:  3    Str: 29    XL:     10   Next: 98%
Magic:  0/11       EV: 10    Int:  9    God:    the Shining One [***...]
Gold:   625        SH:  0    Dex: 10    Spells: 9/9 levels left

rFire    . . .     SeeInvis +   a - +3 trident
rCold    . . .     Faith    .   (no shield)
rNeg     + . .     Spirit   +   b - +0 robe
rPois    .         Reflect  .   c - +0 hat
rElec    .         Harm     .   (no cloak)
rCorr    .         Rampage  .   (gloves unavailable)
MR       +....                  (boots unavailable)
Stlth    ..........             v - amulet of guardian spirit
HPRegen  0.40/turn              l - +6 ring of strength
MPRegen  0.12/turn              i - ring of see invisible

@: berserking (expiring), lethally poisoned (0 -> -5), glowing, very quick
A: large, unfitting armour, tough skin 1
a: Divine Shield, Renounce Religion


You were on level 10 of the Dungeon.
You worshipped the Shining One.
The Shining One was most pleased with you.
You visited 2 branches of the dungeon, and saw 11 of its levels.

You collected 625 gold pieces.

Inventory:

Hand Weapons
 a - a +3 trident (weapon)
 f - a +0 spear
Missiles
 d - 3 throwing nets (quivered)
Armour
 b - a +0 robe (worn)
 c - a +0 hat (worn)
Jewellery
 i - a ring of see invisible (right hand)
 l - a +6 ring of strength (left hand)
 v - an amulet of guardian spirit (around neck)
 z - a cursed ring of attention
Wands
 k - a wand of disintegration (14)
 r - a wand of digging (5)
 y - a wand of iceblast (13)
Scrolls
 g - 3 scrolls of magic mapping
 h - a scroll of random uselessness
 o - 2 scrolls of immolation
 p - 2 scrolls of remove curse
 t - a scroll of teleportation
 u - 2 scrolls of identify
 w - a scroll of silence
Potions
 e - 3 potions of flight
 j - 4 potions of curing
 m - 3 potions of brilliance
 n - a potion of heal wounds
 q - a potion of berserk rage
 s - a potion of cancellation
 x - a potion of might


   Skills:
 * Level 14.3 Fighting
 * Level 11.6 Polearms
 - Level 2.0 Throwing
 - Level 2.6 Dodging
 + Level 2.2 Invocations


You had 9 spell levels left.
You didn't know any spells.
Your spell library contained the following spells:

 Spells                   Type           Power        Failure   Level
 Animate Skeleton         Necr           #.....       38%         1
 Apportation              Tloc           #.....       38%         1
 Corona                   Hex            #......      38%         1
 Summon Small Mammal      Summ           #...         38%         1


Dungeon Overview and Level Annotations

Branches:
Dungeon (10/15)            Temple (1/1) D:5
   Lair: D:8-11         Orc: D:9-12

Altars:
Ashenzari
Cheibriados
Dithmenos
Elyvilon
Fedhas
Gozag
Hepliaklqana
Kikubaaqudgha
Makhleb
Nemelex Xobeh
Okawaru
Qazlal
Ru
Sif Muna
Trog
Uskayaw
Vehumet
Wu Jian
Xom
Yredelemnul
Zin
The Shining One

Shops:
D:6 !


Innate Abilities, Weirdness & Mutations

You are too large for most types of armour.
You have tough skin. (AC +1)


Message History

You feel sick.
You impale the yak!!
The yak is heavily wounded.
You barely miss the yak.
You feel sick.
You puncture the yak!
The yak is severely wounded.
The yak gores you!
* * * LOW HITPOINT WARNING * * *
The yak gores you.
* * * LOW HITPOINT WARNING * * *
You are too berserk!
You puncture the yak!
The yak is almost dead.
The Shining One protects you from harm!
You impale the yak!!
The yak is heavily wounded.
The yak gores you but does no damage.
You hit the yak.
The yak is lightly wounded.
You die...

.....##...... .#
......#....# ..#
...........# ...#
...........##.....#
.....###.Z........ ...
#9B5..#...# .
#O.Y......# ##Y##....#
..##Y@Y##..##
..........#..#
.............#
.............##
......#.......# ###
......#.......###.####
.............##....#.##
......##.....#....>...#
... ###...........##


You could see a two-headed ogre, 4 yaks, a gargoyle, a worker ant, an ufetubus
and a bullfrog zombie.

Vanquished Creatures
  3 two-headed ogres
  An unseen horror (D:8)
  A troll (D:9)
  Prince Ribbit (D:8)
  A yak (D:10)
  An eye of draining (D:8)
  2 ice beasts
  2 phantoms
  6 ogres
  4 centaurs
  5 bullfrogs
  A scorpion (D:7)
  9 killer bees
  9 wights
  A howler monkey (D:6)
  A bullfrog zombie (D:6)
  3 orc priests
  A gnoll shaman (D:8)
  6 hounds
  A centaur skeleton (D:9)
  2 orc wizards
  12 worker ants
  A hound skeleton (D:9)
  2 howler monkey zombies
  6 gnolls
  7 adders
  2 shadow imps
  2 white imps
  4 ufetubi
  An ooze (D:3)
  An adder skeleton (D:5)
  An adder zombie (D:9)
  6 worms
  2 dart slugs
  4 leopard geckos
  24 orcs
  A ball python (D:3)
  8 giant cockroaches
  9 goblins
  8 hobgoblins
  9 jackals
  4 kobolds
  2 quokkas
  12 bats
  3 frilled lizards
  8 rats
  2 toadstools (D:1)
202 creatures vanquished.

Vanquished Creatures (others)
  2 toadstools (D:1)
2 creatures vanquished.

Grand Total: 204 creatures vanquished

Notes
Turn   | Place    | Note
-------+----------+-------------------------------------------
     0 | D:1      | Kinoniko the Ogre Gladiator began the quest for the Orb.
     0 | D:1      | Reached XP level 1. HP: 22/22 MP: 1/1
    85 | D:1      | Reached skill level 3 in Fighting
    90 | D:1      | Reached XP level 2. HP: 26/31 MP: 2/2
   358 | D:1      | Reached XP level 3. HP: 3/39 MP: 3/3
   654 | D:1      | Reached skill level 4 in Fighting
  1192 | D:2      | Reached XP level 4. HP: 46/49 MP: 4/4
  2513 | D:3      | Reached skill level 5 in Fighting
  2516 | D:3      | Reached XP level 5. HP: 52/57 MP: 5/5
  3471 | D:3      | Reached skill level 6 in Fighting
  3471 | D:3      | Reached skill level 5 in Polearms
  3471 | D:3      | Reached XP level 6. HP: 21/67 MP: 6/6
  4743 | D:5      | Entered Level 5 of the Dungeon
  5013 | D:5      | Noticed a phantom
  5014 | D:5      | Found a staircase to the Ecumenical Temple.
  5026 | Temple   | Entered the Ecumenical Temple
  5182 | Temple   | Became a worshipper of the Shining One
  5205 | D:5      | Killed a phantom
  5708 | D:6      | Reached skill level 7 in Fighting
  5708 | D:6      | Reached XP level 7. HP: 72/78 MP: 7/7
  6744 | D:6      | Reached * piety under the Shining One
  6788 | D:6      | Reached skill level 8 in Fighting
  6789 | D:6      | You fall into a shaft and drop 2 floors!
  6821 | D:8      | Reached XP level 8. HP: 26/89 MP: 8/8
  7009 | D:8      | Reached skill level 9 in Fighting
  7209 | D:8      | Noticed an unseen horror
  7230 | D:8      | HP: 4/93 [unseen horror (1)]
  7233 | D:8      | Killed an unseen horror
  7233 | D:8      | Reached skill level 10 in Fighting
  7233 | D:8      | Reached XP level 9. HP: 5/102 MP: 9/9
  7674 | D:7      | Reached skill level 11 in Fighting
  7991 | D:6      | Found Duafuj's Distillery.
  8591 | D:7      | Noticed a two-headed ogre
  8606 | D:7      | Killed a two-headed ogre
  8606 | D:7      | Reached skill level 12 in Fighting
  8606 | D:7      | Reached skill level 10 in Polearms
  9079 | D:7      | Reached XP level 10. HP: 72/118 MP: 10/10
  9285 | D:7      | Reached ** piety under the Shining One
  9582 | D:8      | Noticed Prince Ribbit
  9588 | D:8      | Killed Prince Ribbit
  9588 | D:8      | Reached skill level 13 in Fighting
  9676 | D:8      | Noticed a two-headed ogre
  9687 | D:8      | Killed a two-headed ogre
 11014 | D:9      | Noticed a two-headed ogre
 11023 | D:9      | Killed a two-headed ogre
 11023 | D:9      | Reached skill level 14 in Fighting
 11023 | D:9      | Reached skill level 1 in Invocations
 11439 | D:9      | Found a burning altar of Makhleb.
 11505 | D:9      | Found a blossoming altar of Fedhas.
 11510 | D:9      | Found a sparkling altar of Nemelex Xobeh.
 11714 | D:10     | Entered Level 10 of the Dungeon
 11772 | D:10     | Reached *** piety under the Shining One
 11790 | D:10     | Noticed a gargoyle
 11797 | D:10     | Noticed a two-headed ogre
 11805 | D:10     | HP: 4/184 [yak (8)]
 11805 | D:10     | HP: 1/184 [yak (3)]
 11806 | D:10     | The Shining One protects you from harm!
 11808 | D:10     | Succumbed to a killer bee's poison

Illustrated notes

Levels and vault maps discovered:
D:1:      ldierk_water_garden, layout_rooms
D:2:      layout_basic
D:3:      kennysheep_big_flooded_room, layout_basic
D:4:      layout_basic, corexii_checkpoint_a
D:5:      layout_gridville, minmay_temple_entry_drinking_statues
D:6:      layout_rooms, serial_shops, shop_coins
D:7:      layout_cave_pools
D:8:      minmay_angry_zag, layout_rooms, uniq_prince_ribbit1
D:9:      layout_roguey, minitemple, basic_altar
D:10:     layout_cave_pools, david_lair_shrubbed, lemuel_angel_altar,
          uniq_nergalle
Temple:   regret_index_temple_chain_breaker

Skill      XL: |  1  2  3  4  5  6  7  8  9 10 |
---------------+-------------------------------+-----
Fighting       | 3 4 5 6 7 8 10 12 14 | 14.3
Polearms       | 4 5 6 8 10 11 | 11.6
Invocations    | 2 |  2.2
Throwing       | |  2.0
Dodging        | |  2.6

Action                   |  1- 3 |  4- 6 |  7- 9 | 10-12 || total
-------------------------+-------+-------+-------+-------++-------
Melee: Trident           |    53 |   207 |   222 |   168 ||   650
       Spear             |    89 |     5 |       |       ||    94
Throw: Throwing net      |       |       |     2 |       ||     2
  Use: Potion            |     4 |     1 |    11 |     2 ||    18
       Scroll            |       |    10 |     4 |     5 ||    19
 Stab: Sleeping          |     1 |     1 |       |       ||     2
Armor: Robe              |    62 |    28 |    23 |    15 ||   128
       Skin              |       |       |    11 |       ||    11
Dodge: Dodged            |    91 |    98 |   104 |    66 ||   359

Table legend: (Time is in decaauts)
 A = Elapsed time spent in this place.
 B = Non-inter-level travel time spent in this place.
 C = Inter-level travel time spent in this place.
 D = Time resting spent in this place.
 E = Time spent auto-exploring this place.
 F = Levels seen in this place.
 G = Mean time per level.
                   A        B        C        D        E       F      G
               +--------+--------+--------+--------+--------+-----+--------+
         Total |  11740 |  11349 |    391 |   4988 |   4952 |  11 | 1067.3 |
       Dungeon |  11573 |  11210 |    363 |   4988 |   4825 |  10 | 1157.3 |
        Temple |    166 |    138 |     28 |      0 |    127 |   1 |  166.0 |
               +--------+--------+--------+--------+--------+-----+--------+

Top non-repeatable levels by time:
     D:8: 1821 daAuts
     D:3: 1711 daAuts
     D:5: 1324 daAuts
     D:9: 1291 daAuts
     D:7: 1177 daAuts
     D:6: 1125 daAuts
     D:4: 1068 daAuts
     D:2: 1032 daAuts
     D:1: 940 daAuts
  Temple: 166 daAuts
    D:10: 80 daAuts
